 Dungeon Crawl Stone Soup version 0.23.1 (webtiles) character file.

Game seed: 795101306946541112

803 Kairos the Sneak (level 7, -1/35 HPs)
             Began as a Vine Stalker Enchanter on Mar 14, 2019.
             Was a Follower of Uskayaw.
             Slain by an orc
             ... wielding a +0 whip
              (4 damage)
             ... on level 5 of the Dungeon.
             The game lasted 00:11:42 (4528 turns).

Kairos the Sneak (Vine Stalker Enchanter)           Turns: 4528, Time: 00:11:43

Health: -1/35      AC:  7    Str: 11    XL:     7   Next: 91%
Magic:  0/11       EV: 14    Int: 15    God:    Uskayaw [*.....]
Gold:   120        SH:  0    Dex: 16    Spells: 9/10 levels left

rFire    . . .     SeeInvis .   r - +0 dagger (vamp)
rCold    + . .     Gourm    .   (no shield)
rNeg     . . .     Faith    +   s - +1 robe {rC+}
rPois    .         Spirit   +   n - +1 helmet
rElec    .         Reflect  .   p - +0 cloak
rCorr    .         Harm     .   j - +0 pair of gloves
MR       .....                  (no boots)
Stlth    +++.......             m - amulet of faith
HPRegen  0.51/turn              (no ring)
MPRegen  0.12/turn              (no ring)

@: no status effects
A: fangs 2, regeneration 1, magic shield, antimagic bite, no potion heal 3, rot
immunity
a: Stomp, Renounce Religion


You were on level 5 of the Dungeon.
You worshipped Uskayaw.
Uskayaw was noncommittal.
You were hungry.

You visited 2 branches of the dungeon, and saw 6 of its levels.

You collected 120 gold pieces.

Inventory:

Hand Weapons
 a - a +1 dagger
 r - a +0 vampiric dagger (weapon)
Armour
 b - a +0 robe
 f - a +0 ring mail
 j - a +0 pair of gloves (worn)
 n - a +1 helmet (worn)
 p - a +0 cloak (worn)
 s - a +1 robe of cold resistance (worn)
Jewellery
 h - an uncursed amulet of the acrobat
 m - an amulet of faith (around neck)
Scrolls
 e - 2 scrolls of immolation
 l - a scroll of enchant armour
 u - a scroll of identify
Potions
 c - a potion of curing
 g - a potion of cancellation
 k - a potion of magic
 t - a potion of agility {unknown}
Comestibles
 d - 11 rations


   Skills:
 + Level 2.4 Fighting
 + Level 3.6 Short Blades
 + Level 2.7 Armour
 + Level 3.2 Dodging
 + Level 6.3 Stealth
 + Level 2.3 Spellcasting
 + Level 3.7 Hexes


You had 9 spell levels left.
You knew the following spells:

 Your Spells              Type           Power        Failure   Level  Hunger
a - Corona                Hex            ##.....      4%          1    #......

Your spell library contained the following spells:

 Spells                   Type           Power        Failure   Level  Hunger
 Confuse                  Hex            ##......     14%         3    ###....
 Tukima's Dance           Hex            ##......     14%         3    ###....
 Ensorcelled Hibernation  Hex/Ice        #.....       16%         2    ###....
 Dazzling Spray           Conj/Hex       #.....       30%         3    ###....


Dungeon Overview and Level Annotations

Branches:
Dungeon (5/15)             Temple (1/1) D:5

Altars:
Cheibriados
Dithmenos
Elyvilon
Fedhas
Hepliaklqana
Kikubaaqudgha
Makhleb
Nemelex Xobeh
Okawaru
Qazlal
Trog
Uskayaw
Yredelemnul

Annotations:
D:4 Dowan, Duvessa


Innate Abilities, Weirdness & Mutations

You have extremely sharp teeth.
Your natural rate of healing is unusually fast.
When hurt, damage is shared between your health and your magic reserves.
Your bite disrupts and absorbs the magic of your enemies.
Potions cannot restore your health.
You are immune to rotting.


Message History

You closely miss the orc priest. Your bite misses the orc priest.
The orc priest is heavily wounded.
The orc priest miscasts a cantrip.
The orc hits you but does no damage. The orc misses you.
You barely miss the orc priest. Your bite misses the orc priest.
The orc priest is heavily wounded.
The orc priest hits you but does no damage.
The orc barely misses you.
You hit the orc priest but do no damage.
Your bite misses the orc priest.
The orc priest is heavily wounded.
You are feeling hungry.
The orc hits you with a +0 whip.
* * * LOW HITPOINT WARNING * * *
You can no longer pass through a line of other dancers.
You completely miss the orc priest.
The orc priest is heavily wounded.
The orc priest begins to cast a cantrip, but forgets the words!
The orc hits you but does no damage. The orc hits you with a +0 whip.
You die...

.......#......#...##+####......#
.......#......#?..#............#
.......#......#...#............#
####'###......#$..+............#
.........#'####...#..>.........#
.........#...##..(#......#######
.........#....'...#......
.........#....#...#......
.........#...##)@.#
...#+#####...##ooo# ...#
..........# ...# ...........#
...# .......###### ...# .#######
..######........
..#....+........
..'....#........


You could see an orc priest and 2 orcs.

Vanquished Creatures
  Edmund (D:4)
  An ogre (D:4)
  Blork the orc (D:4)
  2 crimson imps (D:5)
  2 hounds
  A centaur skeleton (D:4)
  An orc priest (D:3)
  2 orc wizards
  A bullfrog skeleton (D:4)
  An iguana (D:3)
  3 worker ants (D:4)
  A howler monkey zombie (D:5)
  3 gnolls (D:4)
  3 adders
  A shadow imp (D:5)
  An ooze (D:1)
  2 worms (D:3)
  2 leopard geckos (D:3)
  10 orcs
  3 ball pythons (D:3)
  8 bats
  3 giant cockroaches
  7 goblins
  9 hobgoblins
  2 jackals (D:2)
  8 kobolds
  2 quokkas (D:2)
  5 frilled lizards
  A leopard gecko skeleton (D:4)
  A quokka skeleton (D:5)
  11 rats
99 creatures vanquished.

Vanquished Creatures (others)
  A bat (D:2)
  A jackal (D:2)
2 creatures vanquished.

Grand Total: 101 creatures vanquished

Notes
Turn   | Place    | Note
-------+----------+-------------------------------------------
     0 | D:1      | Kairos the Vine Stalker Enchanter began the quest for the
                  | Orb.
     0 | D:1      | Reached XP level 1. HP: 9/9 MP: 4/4
    23 | D:1      | Reached skill level 1 in Short Blades
    55 | D:1      | Reached XP level 2. HP: 13/13 MP: 6/6
   526 | D:1      | Reached skill level 4 in Stealth
   718 | D:1      | Reached XP level 3. HP: 15/16 MP: 7/7
  1903 | D:3      | Gained mutation: Your natural rate of healing is unusually
                  | fast. [Vine Stalker growth]
  1903 | D:3      | Reached XP level 4. HP: 20/21 MP: 8/8
  2684 | D:4      | Reached skill level 1 in Fighting
  2684 | D:4      | Reached XP level 5. HP: 25/25 MP: 9/9
  2701 | D:4      | Reached skill level 1 in Armour
  2729 | D:4      | Reached skill level 5 in Stealth
  2737 | D:4      | Noticed Edmund
  2861 | D:3      | Reached XP level 6. HP: 13/30 MP: 2/10
  3227 | D:4      | Noticed Blork the orc
  3290 | D:4      | Killed Edmund
  3336 | D:4      | Killed Blork the orc
  3336 | D:4      | Reached XP level 7. HP: 34/35 MP: 11/11
  3380 | D:4      | Noticed Duvessa
  3380 | D:4      | Noticed Dowan
  3855 | D:4      | Reached skill level 6 in Stealth
  3960 | D:5      | Entered Level 5 of the Dungeon
  3963 | D:5      | Found a staircase to the Ecumenical Temple.
  4041 | Temple   | Entered the Ecumenical Temple
  4044 | Temple   | Became a worshipper of Uskayaw the Reveler
  4079 | D:5      | Reached * piety under Uskayaw
  4117 | D:5      | Reached ** piety under Uskayaw
  4125 | D:5      | Reached *** piety under Uskayaw
  4126 | D:5      | Reached **** piety under Uskayaw
  4528 | D:5      | Slain by an orc

Skill      XL: |  1  2  3  4  5  6  7 |
---------------+----------------------+-----
Short Blades   | 1 2 3 |  3.6
Stealth        | 4 5 6 |  6.3
Dodging        | 2 3 |  3.2
Fighting       | 1 2 |  2.4
Armour         | 1 2 |  2.7
Spellcasting   | |  2.3
Hexes          | |  3.7

Action                   |  1- 3 |  4- 6 |  7- 9 || total
-------------------------+-------+-------+-------++-------
Melee: Dagger            |   150 |   261 |   165 ||   576
       Bite              |    31 |    74 |    50 ||   155
  Use: Scroll            |     3 |     1 |     6 ||    10
       Potion            |     2 |     2 |       ||     4
 Stab: Sleeping          |     4 |     7 |     8 ||    19
       Distracted        |       |     1 |       ||     1
       Invisible         |       |     2 |       ||     2
       Paralysed         |       |       |     1 ||     1
  Eat: Chunk             |     3 |     2 |     1 ||     6
       Ration            |       |     2 |     1 ||     3
Armor: Robe              |    16 |       |    23 ||    39
       Ring mail         |    17 |    46 |       ||    63
       Skin              |       |    20 |       ||    20
Dodge: Dodged            |    61 |   116 |   106 ||   283
